Map: Magannatha LE

Players

MaxPax - Winner!

  • Race: Protoss Protoss
  • Spawn Location: 5:00

FalconsSolar (Solar)

  • Race: Zerg Zerg
  • Spawn Location: 11:00

VOD

Have the link to the VOD?

Description

Time

  • Played on: May 13, 2025, 9:36 p.m.
  • Length: 9:32
Show
View Real Time Build Order
Export as new Build Order

MaxPax Protoss - Winner!

Build Orders: 1 Gate Expand, Oracle Opening 

Get SALT Encoding   

  12  0:00  Probe  
  13  0:12  Probe  
  14  0:19  Pylon  
  14  0:24  Probe  
  15  0:33  Probe  
  15  0:39  Gateway  
  15  0:41  Probe  
  16  0:47  Assimilator  
  17  0:51  Probe  
  18  1:03  Probe  
  19  1:16  Probe  
  20  1:22  Nexus  
  20  1:30  Cybernetics Core  
  20  1:33  Probe  
  20  1:39  Assimilator  
  21  1:45  Probe  
  22  1:48  Pylon  
  22  1:56  Probe  
  23  2:04  Probe  
  23  2:07  Adept  
  25  2:12  Stargate  
  25  2:13  Probe  
  26  2:22  Warp Gate  
  27  2:24  Probe  
  28  2:30  Probe  
  28  2:36  Probe  
  28  2:37  Adept  
  32  2:38  Probe  
  33  2:48  Void Ray, Probe x2  
  39  3:00  Probe x2  
  41  3:07  Pylon  
  41  3:12  Probe x2  
  43  3:19  Oracle  
  43  3:24  Probe x2  
  48  3:33  Nexus  
  48  3:36  Probe x2  
  50  3:41  Pylon  
  50  3:45  Gateway  
  50  3:48  Probe x2  
  50  3:55  Twilight Council  
  52  4:01  Probe, Blink  
  53  4:06  Probe  
  53  4:07  Assimilator x2  
  54  4:13  Gateway  
  54  4:14  Probe  
  54  4:15  Gateway  
  55  4:17  Stalker  
  55  4:19  Probe  
  58  4:25  Forge  
  58  4:31  Probe  
  58  4:36  Probe  
  60  4:44  Stalker  
  60  4:45  Probe, Stalker  
  63  4:49  Probe  
  63  4:50  Probe  
  67  4:56  Pylon, Protoss Ground Weapons Level 1  
  67  4:57  Probe  
  68  5:01  Probe  
  68  5:02  Probe  
  68  5:03  Shield Battery  
  68  5:06  Pylon  
  70  5:09  Stalker, Probe  
  70  5:12  Stalker  
  70  5:13  Probe  
  76  5:14  Probe  
  76  5:18  Stalker  
  79  5:21  Probe  
  79  5:28  Probe x2, Stalker  
  82  5:34  Probe  
  82  5:35  Stalker x2  
  87  5:38  Pylon  
  87  5:40  Probe x2  
  91  5:47  Probe  
  92  5:50  Templar Archives  
  92  5:51  Assimilator  
  92  5:52  Pylon, Probe, Assimilator  
  93  5:59  Stalker x3  
  93  6:00  Charge  
  97  6:15  Stalker  
  97  6:18  Probe  
  100  6:21  Probe  
  100  6:23  Psionic Storm  
  100  6:25  Stalker x3  
  105  6:26  Gateway x2  
  105  6:34  Gateway  
  105  6:38  Gateway  
  105  6:39  Robotics Facility  
  105  6:46  Stalker  
  107  6:50  High Templar  
  109  6:56  Pylon  
  109  7:00  Zealot  
  108  7:10  Photon Cannon  
  108  7:12  Pylon  
  108  7:16  Probe  
  108  7:17  High Templar x2  
  108  7:19  Warp Prism  
  113  7:23  Nexus  
  113  7:24  Zealot x2  
  117  7:30  Gateway  
  117  7:36  Gateway  
  117  7:37  Pylon  
  117  7:38  Zealot x4  
  125  7:44  Pylon  
  125  7:49  Observer  
  125  7:51  Pylon  
  125  7:55  Probe  
  125  7:57  High Templar, Immortal  
  125  7:58  High Templar x2  
  133  8:00  Pylon  
  133  8:03  Probe  
  133  8:04  Zealot x3  
  133  8:05  Shield Battery, Photon Cannon  
  140  8:11  Zealot  
  144  8:29  Zealot  
  144  8:30  Zealot x7  
  148  8:36  Immortal  
  150  8:47  Probe x2  
  153  8:48  Probe  
  143  8:56  Archon  
  143  9:00  Zealot x8  
  143  9:01  Zealot x2  
  153  9:03  Archon  
  153  9:08  Archon  
  141  9:18  Probe  
Show
View Real Time Build Order
Export as new Build Order

FalconsSolar Zerg 

Build Orders: Hatch First, Lurkers 

Get SALT Encoding   

  12  0:00  Drone  
  13  0:08  Drone  
  13  0:13  Extractor  
  13  0:14  Drone  
  15  0:24  Overlord  
  15  0:43  Drone  
  15  0:46  Hatchery  
  15  0:49  Drone  
  16  0:53  Drone  
  16  0:56  Drone  
  18  1:08  Extractor  
  17  1:12  Spawning Pool  
  17  1:14  Drone  
  18  1:18  Drone  
  18  1:27  Drone  
  19  1:37  Drone  
  20  1:49  Drone  
  21  1:58  Drone  
  21  1:59  Queen x2  
  21  2:00  Overlord  
  26  2:08  Drone  
  26  2:11  Drone  
  26  2:15  Metabolic Boost  
  28  2:20  Drone  
  28  2:22  Drone  
  30  2:30  Hatchery  
  29  2:37  Zergling x2  
  29  2:39  Drone  
  29  2:41  Overlord  
  31  2:48  Queen  
  31  2:49  Drone  
  34  2:52  Drone  
  34  2:53  Drone  
  36  3:03  Zergling x2  
  37  3:08  Drone x3  
  37  3:09  Drone x3  
  37  3:11  Overlord  
  43  3:18  Drone  
  43  3:20  Spore Crawler  
  43  3:22  Zergling x2  
  43  3:28  Queen  
  43  3:30  Zergling x4  
  43  3:32  Queen  
  49  3:38  Overlord  
  49  3:40  Drone  
  49  3:41  Drone  
  51  3:45  Queen  
  53  3:50  Overlord  
  53  3:52  Drone x2  
  53  3:55  Overlord  
  55  3:58  Drone x2  
  55  4:01  Drone  
  58  4:03  Overlord  
  58  4:09  Drone x4  
  62  4:11  Drone  
  62  4:15  Zergling x6  
  66  4:19  Overlord  
  66  4:21  Drone  
  67  4:25  Spore Crawler  
  67  4:26  Drone x2  
  67  4:29  Lair  
  68  4:32  Drone  
  68  4:35  Overlord  
  68  4:36  Drone x2  
  68  4:37  Drone  
  68  4:38  Drone  
  73  4:40  Overlord  
  73  4:43  Extractor  
  73  4:45  Drone x2  
  74  4:47  Overlord  
  74  4:50  Overlord  
  74  4:54  Drone x4  
  74  4:56  Evolution Chamber  
  74  4:57  Extractor x2  
  76  5:00  Drone  
  76  5:06  Drone  
  76  5:07  Drone x2  
  79  5:09  Drone  
  79  5:10  Extractor  
  79  5:11  Drone x2  
  81  5:16  Zergling x8  
  81  5:17  Hatchery  
  81  5:19  Drone  
  84  5:23  Zergling x2  
  84  5:25  Drone  
  84  5:26  Zergling x8  
  89  5:30  Drone  
  89  5:31  Hydralisk Den  
  89  5:32  Overlord, Zerg Missile Weapons Level 1  
  89  5:34  Drone  
  89  5:37  Zergling x6  
  92  5:43  Zergling x6  
  92  5:46  Overlord  
  92  5:47  Drone  
  92  5:49  Overlord  
  96  5:55  Overlord  
  95  6:01  Zergling x6  
  95  6:06  Zergling x10  
  95  6:10  Overlord  
  96  6:14  Hydralisk x5  
  103  6:21  Hydralisk  
  103  6:24  Grooved Spines  
  104  6:28  Infestation Pit  
  104  6:29  Overseer, Extractor  
  104  6:32  Drone x7  
  109  6:39  Drone x2  
  112  6:40  Drone  
  112  6:44  Hydralisk  
  112  6:45  Hydralisk x4  
  120  6:50  Extractor  
  120  6:51  Overlord  
  120  6:52  Hydralisk  
  120  6:54  Overlord  
  121  6:56  Hydralisk  
  121  7:02  Hydralisk x5  
  121  7:03  Zergling x2  
  121  7:04  Zergling x2  
  121  7:05  Zergling x2  
  130  7:09  Hive  
  130  7:12  Extractor  
  130  7:13  Zergling x6  
  130  7:14  Muscular Augments  
  132  7:19  Drone x4, Lurker Den  
  132  7:22  Drone x2  
  134  7:23  Drone x2  
  134  7:25  Drone  
  134  7:26  Drone  
  134  7:28  Drone  
  134  7:29  Drone x2  
  138  7:32  Drone  
  138  7:33  Drone  
  138  7:34  Drone  
  138  7:35  Drone x2  
  139  7:39  Zergling x2  
  139  7:40  Zergling x2  
  140  7:45  Overlord  
  140  7:48  Zergling x6  
  140  7:50  Zergling x4  
  145  7:54  Zergling x8  
  149  7:58  Hydralisk x2  
  149  7:59  Hydralisk  
  149  8:03  Hatchery, Hydralisk x5  
  149  8:04  Spine Crawler  
  153  8:05  Zergling x10  
  153  8:10  Zergling x6  
  153  8:11  Hydralisk  
  153  8:12  Hydralisk  
  164  8:16  Spine Crawler  
  164  8:19  Lurker x5  
  168  8:20  Overlord  
  168  8:23  Seismic Spines  
  167  8:27  Hydralisk x4  
  167  8:30  Hydralisk x3  
  156  8:43  Zergling x26  
  156  8:44  Lurker  
  156  8:45  Lurker  
  147  8:57  Hydralisk x4  
  130  9:12  Zergling x2  
Tags
 
Add a new tag
Caveats
  • Supply blocks, unpowered buildings, or Contaminate may cause inaccurate times.
  • Supply counts are checked every 10 seconds.